 Dungeon Crawl Stone Soup version 0.30.1-11-g7821555f0a (webtiles) character file.

Game seed: 14869621898359788192

645 lonewolfV2 the Chopper (level 7, -3/58 HPs)
             Began as a Formicid Fighter on Nov 15, 2023.
             Slain by a gnoll
             ... wielding a +0 halberd
              (7 damage)
             ... on level 4 of the Dungeon.
             The game lasted 00:04:39 (2462 turns).

lonewolfV2 the Chopper (Formicid Fighter)           Turns: 2462, Time: 00:04:39

Health: -3/58      AC:  6    Str: 20    XL:     7   Next: 82%
Magic:  7/7        EV:  9    Int:  8    God:
Gold:   120        SH:  5    Dex: 15    Spells: 6/6 levels left

rFire   . . .        a - +0 war axe (spect)
rCold   . . .        c - +0 buckler
rNeg    . . .        b - +0 scale mail
rPois   .            (helmet unavailable)
rElec   .            (no cloak)
rCorr   .            (no gloves)
SInv    +            (no boots)
Will    .....        (no amulet) Stlth
                     (no ring)
HPRegen 0.29/turn    (no ring)
MPRegen 0.10/turn

%: no passive effects
@: no status effects
A: permanent stasis, dig shafts and tunnels, antennae 3, four strong arms
a: Dig, Shaft Self


You were on level 4 of the Dungeon.
You visited 1 branch of the dungeon, and saw 4 of its levels.

You collected 120 gold pieces.

Inventory:

Hand Weapons
 a - a +0 spectral war axe (weapon)
Armour
 b - a +0 scale mail (worn)
 c - a +0 buckler (worn)
Jewellery
 q - an amulet of faith
Wands
 k - a wand of flame (11)
 o - a wand of mindburst (1)
Scrolls
 g - a scroll of summoning
 h - 2 scrolls of magic mapping
Potions
 d - a potion of might
 e - 3 potions of cancellation
 f - 2 potions of brilliance
 i - a potion of invisibility {unknown}
 j - 2 potions of berserk rage {unknown}
 l - a potion of curing {unknown}
 m - 2 potions of haste {unknown}
 n - a potion of heal wounds {unknown}
 p - a potion of degeneration {unknown}
 r - a potion of attraction {unknown}


   Skills:
 + Level 6.0 Fighting
 * Level 6.7 Axes
 - Level 3.2 Armour
 - Level 4.0 Shields


You had 6 spell levels left.
You didn't know any spells.
Your spell library contained the following spells:

 Spells                   Type           Power      Damage    Failure   Level
 Magic Dart               Conj           0%         1d3       83%         1
 Call Imp                 Summ           0%         N/A       93%         2
 Mephitic Cloud           Conj/Pois/Air  0%         N/A       99%         3


Dungeon Overview and Level Annotations

Branches:
Dungeon (4/15)
 Temple: D:4-7

Altars:

Shops:
D:3 (


Innate Abilities, Weirdness & Mutations

You cannot be hasted, slowed, berserked, paralysed or teleported.
You can dig through walls and to a lower floor.
You have a pair of large antennae on your head. (SInv)
Your four strong arms can wield two-handed weapons with a shield.


Message History

You feel sick.
The gnoll shouts!
You block the gnoll's attack. The gnoll barely misses you.
You barely miss the gnoll.
You feel sick. The gnoll closely misses you.
The gnoll hits you from afar with a +0 halberd!
You slash the gnoll!
You kill the gnoll!
You feel sick.
You feel sick. You block the gnoll's attack. The gnoll closely misses you.
Things that are here:
a +0 flail; a scroll labelled LAMUDUINEA; a gnoll corpse You slash the gnoll!
The gnoll is severely wounded.
You feel sick.
You are no longer poisoned.
The gnoll barely misses you.
The gnoll hits you from afar with a +0 halberd!
You slash the gnoll!
You kill the gnoll!
You block the gnoll's attack.
The ball python bites you but does no damage.
You block the ball python's attack.
Your Fighting skill increases to level 6!
You hit the ball python but do no damage.
The gnoll hits you from afar with a +0 halberd!
You block the ball python's attack. The ball python barely misses you.
You closely miss the ball python. The ball python barely misses you.
The ball python grabs you. The ball python constricts you.
You block the gnoll's attack.
You slash the ball python!
You kill the ball python!
The gnoll hits you from afar with a +0 halberd!
* * * LOW HITPOINT WARNING * * *
The gnoll hits you from afar with a +0 halberd!
* * * LOW HITPOINT WARNING * * *
The kobold brigand barely misses you.
You hit the kobold brigand.
The kobold brigand is lightly wounded.
The gnoll hits you from afar with a +0 halberd!
You die...

..# ..########
.........#
..######.# .##
#.## # .# #..#
.##. .# ##.###
{..... .#
#...######g.<...
.#
###.....@K....#
.#
#########.....
.#### ..# ....#
. ###.# #.##
#..# ##.# #...
#.###...#


You could see a kobold brigand and a gnoll.

Vanquished Creatures
  Grinder (D:3)
  Menkaure (D:4)
  A black bear (D:4)
  An orc priest (D:3)
  Natasha (D:3)
  2 orc wizards (D:3)
  2 gnolls (D:4)
  5 adders
  A worm (D:3)
  2 dart slugs
  12 orcs (D:3)
  9 endoplasms
  3 giant cockroaches
  6 hobgoblins
  5 quokkas
  3 ball pythons
  3 bats
  A frilled lizard (D:2)
  9 goblins
  4 kobolds
  4 rats
76 creatures vanquished.

Notes
Turn   | Place    | Note
-------+----------+-------------------------------------------
     0 | D:1      | lonewolfV2 the Formicid Fighter began the quest for the
                  | Orb.
     0 | D:1      | Reached XP level 1. HP: 18/18 MP: 1/1
   156 | D:1      | Reached XP level 2. HP: 24/24 MP: 2/2
   647 | D:1      | Reached XP level 3. HP: 30/30 MP: 3/3
   647 | D:1      | Found a faded altar of an unknown god.
  1042 | D:2      | Reached XP level 4. HP: 37/37 MP: 4/4
  1415 | D:3      | Found Rubbam's Weapon Shop.
  1510 | D:3      | Reached XP level 5. HP: 29/42 MP: 5/5
  1628 | D:3      | Reached XP level 6. HP: 43/49 MP: 6/6
  1667 | D:3      | Noticed Grinder
  1668 | D:3      | Noticed Natasha
  1674 | D:3      | Killed Grinder
  1675 | D:3      | Reached skill level 5 in Fighting
  1675 | D:3      | Reached skill level 5 in Axes
  1675 | D:3      | Reached XP level 7. HP: 45/56 MP: 7/7
  1679 | D:3      | Killed Natasha
  2081 | D:4      | Noticed Menkaure
  2087 | D:4      | Killed Menkaure
  2462 | D:4      | Slain by a gnoll

Illustrated notes

Levels and vault maps discovered:
D:1:      tarquinn_simple_flora_water_e, layout_basic,
          shapermc_ecumenical_altar_flowoftime, hex_intersection
D:2:      layout_rooms
D:3:      layout_basic, serial_shops, nicolae_shop_pleasant_corner_grove,
          grunt_ministairs_15, kennysheep_boxes, uniq_natasha, uniq_grinder
D:4:      layout_rooms, minmay_unequal, uniq_sigmund, uniq_edmund, uniq_menkaure

Skill      XL: |  1  2  3  4  5  6  7 |
---------------+----------------------+-----
Axes           | 3 4 5 6 |  6.7
Fighting       | 4 5 6 |  6.0
Armour         | |  3.2
Shields        | |  4.0

Action                     |  1- 3 |  4- 6 |  7- 9 || total
---------------------------+-------+-------+-------++-------
  Melee: War axe           |    65 |    45 |    29 ||   139
  Evoke: Wand              |       |       |     2 ||     2
    Use: Scroll            |     4 |     4 |     1 ||     9
 Armour: Scale mail        |    19 |    22 |    15 ||    56
  Dodge: Dodged            |    23 |    34 |    14 ||    71
  Block: Buckler           |     9 |    15 |    11 ||    35
